 Dungeon Crawl Stone Soup version 0.29-a0-322-g68df515428 (webtiles) character file.

Game seed: 15581728143146358157

30 bande the Covered (level 3, 0/23 HPs)
             Began as a Gargoyle Fighter on Apr 5, 2022.
             Slain by an orc priest
             ... wielding a +0 hand axe
              (4 damage)
             ... on level 1 of the Dungeon.
             The game lasted 00:00:56 (1470 turns).

bande the Covered (Gargoyle Fighter)                Turns: 1470, Time: 00:00:57

Health: 0/23       AC: 10    Str: 19    XL:     3   Next: 18%
Magic:  3/3        EV:  9    Int:  8    God:
Gold:   71         SH:  4    Dex: 11    Spells: 2/2 levels left

rFire   . . .      SeeInvis .   a - +0 war axe
rCold   . . .      Faith    .   c - +0 buckler
rNeg    + . .      Spirit   .   b - +0 scale mail
rPois   ∞          Reflect  .   (no helmet)
rElec   +          Harm     .   (no cloak)
rCorr   .          Rampage  .   (no gloves)
Will    .....                   (no boots)
Stlth   ..........              (no amulet)
HPRegen 0.07/turn               (no ring)
MPRegen 0.08/turn               (no ring)

@: no status effects
A: sickness immunity, AC +3, negative energy resistance 1, electricity
resistance, torment resistance 1, petrification resistance
a: no special abilities


You were on level 1 of the Dungeon.
You visited 1 branch of the dungeon, and saw 2 of its levels.

You collected 71 gold pieces.

Inventory:

Hand Weapons
 a - a +0 war axe (weapon)
Armour
 b - a +0 scale mail (worn)
 c - a +0 buckler (worn)
Scrolls
 f - a scroll of identify {unknown}
 g - a scroll of acquirement {unknown}
Potions
 d - a potion of might
 e - a potion of curing {unknown}
 h - 2 potions of lignification {unknown}


   Skills:
 + Level 3.6 Fighting
 + Level 2.1 Axes
 + Level 3.9 Armour
 + Level 3.5 Shields


You had 2 spell levels left.
You didn't know any spells.
Your spell library contained the following spells:

 Spells                   Type           Power      Damage    Failure   Level
 Beastly Appendage        Tmut           0%         N/A       86%         1
 Wereblood                Tmut           0%         N/A       94%         2
 Spider Form              Tmut/Pois      0%         N/A       99%         3


Dungeon Overview and Level Annotations

Branches:
Dungeon (2/15)

Altars:


Innate Abilities, Weirdness & Mutations

You are immune to sickness and miasma.
Your stone body is resilient. (AC +3)
You are immune to poison.
You resist negative energy. (rN+)
You are resistant to electric shocks. (rElec)
You are resistant to unholy torment.
You are immune to petrification.


Message History

There is a stone staircase leading up here.
The orc priest barely misses you.
The orc priest hits you but does no damage.
You climb upwards.
There is a stone staircase leading down here.
You barely miss the orc priest. x2
The orc priest hits you with a +0 hand axe.
The orc priest hits you but does no damage.
You hit the orc priest but do no damage.
You hit the orc priest.
The orc priest hits you with a +0 hand axe.
The orc priest hits you with a +0 dagger.
You block the orc priest's attack.
The orc priest looks encouraged for a moment.
You are too injured to fight recklessly!
You hit the orc priest.
The orc priest is moderately wounded.
You closely miss the orc priest.
The orc priest hits you but does no damage. x2
Unknown command.
You closely miss the orc priest.
The orc priest is moderately wounded.
You hit the orc priest. You block the orc priest's attack.
The orc priest closely misses you.
The orc priest calls down the wrath of Beogh upon you.
Pain shoots through your body!
* * * LOW HITPOINT WARNING * * *
The orc priest looks encouraged for a moment.
Unknown command.
You hit the orc priest.
The orc priest is severely wounded.
You hit the orc priest.
The orc priest hits you but does no damage.
The orc priest looks satisfied for a moment.
Unknown command.
You closely miss the orc priest.
The orc priest is severely wounded.
You barely miss the orc priest.
The orc priest hits you with a +0 hand axe.
You die...

#.........# #.#######.# #.# #.#
#####.##### #.# #.........# #.#
##### #.###..##.###.###...#
#######.###...#.........#.#
........##.....####.###...#
.#####.#.##....o@o..# ##.##
.##...###.##.######## #.#
.##.##.#.###.# #.# .##.##..## #.#
#######.#### ........# ##+##
#..........# .......####...##
#.##.....).#
###.######.....###.##.......#
....#####.......##.##.......# #
#................#.##.......#####


You could see 2 orc priests.

Vanquished Creatures
  2 adders
  A dart slug (D:1)
  2 orcs
  A bat (D:1)
  2 ball pythons (D:1)
  A frilled lizard (D:1)
  A rat (D:1)
10 creatures vanquished.

Notes
Turn   | Place    | Note
-------+----------+-------------------------------------------
     0 | D:1      | bande the Gargoyle Fighter began the quest for the Orb.
     0 | D:1      | Reached XP level 1. HP: 14/14 MP: 1/1
   553 | D:1      | Found a faded altar of an unknown god.
   838 | D:1      | Reached XP level 2. HP: 19/19 MP: 2/2
  1078 | D:1      | Reached XP level 3. HP: 3/23 MP: 3/3
  1470 | D:1      | Slain by an orc priest

Illustrated notes

Levels and vault maps discovered:
D:1:      wander_arrival_abandoned_jail, layout_loops_corners,
          ebering_ecumenical_altar_hall
D:2:      layout_loops_ring, basic_altar, uniq_jessica

Skill      XL: |  1  2 |
---------------+-------+-----
Axes           | 2 |  2.1
Fighting       | |  3.6
Armour         | |  3.9
Shields        | |  3.5

Action                   || total
-------------------------++-------
Melee: War axe           ||    47
Armor: Scale mail        ||    36
Dodge: Dodged            ||    22
Block: Buckler           ||    12

Table legend: (Time is in decaauts)
 A = Elapsed time spent in this place.
 B = Non-inter-level travel time spent in this place.
 C = Inter-level travel time spent in this place.
 D = Time resting spent in this place.
 E = Time spent auto-exploring this place.
 F = Levels seen in this place.
 G = Mean time per level.
                   A        B        C        D        E       F      G
               +--------+--------+--------+--------+--------+-----+--------+
         Total |   1493 |   1479 |     14 |    374 |    975 |   2 |  746.5 |
       Dungeon |   1493 |   1479 |     14 |    374 |    975 |   2 |  746.5 |
               +--------+--------+--------+--------+--------+-----+--------+

Top non-repeatable levels by time:
     D:1: 1406 daAuts
     D:2: 87 daAuts
